Map: Ruins of Endion

Players

Tactyle - Winner!

  • Race: Zerg Zerg
  • League: Master

Miszu

  • Race: Protoss Protoss
  • League: Master

VOD

Have the link to the VOD?

Description

Time

  • Played on: June 29, 2016, 12:12 p.m.
  • Length: 12:33
Show
View Real Time Build Order
Export as new Build Order

Tactyle Zerg - Winner!

Build Orders: Hatch First 

Get SALT Encoding   

  12  0:01  Drone  
  13  0:12  Overlord  
  13  0:25  Drone  
  14  0:33  Drone x2  
  16  0:46  Drone  
  17  0:54  Hatchery  
  16  0:59  Drone  
  17  1:09  Spawning Pool  
  16  1:14  Drone  
  16  1:15  Drone  
  18  1:20  Extractor  
  17  1:30  Drone  
  18  1:56  Zergling x6  
  21  2:05  Queen  
  21  2:06  Zergling x2, Queen  
  21  2:08  Overlord  
  26  2:17  Drone  
  27  2:24  Drone  
  27  2:26  Metabolic Boost  
  27  2:28  Drone  
  27  2:29  Drone  
  30  2:48  Drone x2  
  31  3:00  Drone x3  
  31  3:02  Lair  
  34  3:06  Extractor  
  33  3:17  Overlord, Hatchery  
  31  3:20  Drone x2  
  31  3:21  Drone  
  31  3:23  Drone  
  35  3:31  Drone, Spore Crawler  
  35  3:39  Drone x3  
  38  3:41  Drone  
  39  3:48  Drone x2  
  39  3:49  Drone  
  40  4:03  Spire, Overseer  
  40  4:06  Overlord  
  40  4:07  Drone  
  40  4:08  Extractor x2  
  38  4:14  Drone  
  38  4:15  Drone x3  
  42  4:32  Drone x4  
  42  4:33  Drone x2  
  42  4:34  Overlord  
  42  4:37  Queen  
  50  4:55  Drone x2  
  50  4:56  Spore Crawler  
  50  4:57  Evolution Chamber  
  50  5:14  Corruptor x5  
  50  5:18  Drone  
  50  5:19  Drone x2  
  63  5:24  Zerg Flyer Armor Level 1  
  63  5:29  Corruptor  
  63  5:32  Overlord  
  65  5:37  Overlord  
  65  5:38  Zerg Melee Weapons Level 1  
  65  5:46  Spore Crawler  
  65  5:49  Overlord  
  64  5:52  Corruptor  
  66  5:59  Corruptor  
  66  6:01  Drone x2  
  66  6:02  Drone x3  
  73  6:13  Corruptor x2  
  73  6:15  Extractor  
  73  6:16  Extractor  
  73  6:18  Drone x3  
  78  6:24  Corruptor  
  80  6:27  Zergling x4  
  82  6:34  Overlord  
  82  6:41  Overlord  
  82  6:42  Overlord  
  82  6:43  Overlord x2  
  82  6:44  Overlord  
  82  6:54  Overlord  
  82  7:01  Corruptor x3  
  82  7:08  Drone x5  
  89  7:09  Drone  
  89  7:15  Corruptor  
  96  7:19  Drone x3  
  96  7:20  Drone  
  100  7:27  Corruptor  
  102  7:31  Drone x4  
  102  7:32  Drone  
  107  7:39  Zerg Flyer Armor Level 2  
  107  7:44  Drone  
  108  7:55  Corruptor x2  
  112  7:59  Zerg Melee Weapons Level 2, Hatchery  
  111  8:17  Corruptor  
  111  8:18  Corruptor x3  
  117  8:20  Zergling x8  
  117  8:21  Zergling x2  
  117  8:22  Overlord  
  117  8:23  Overlord  
  117  8:26  Corruptor  
  118  8:44  Corruptor x4  
  124  8:53  Overlord  
  124  8:55  Corruptor x3  
  122  8:57  Drone  
  122  8:58  Drone x4  
  133  9:10  Overlord  
  133  9:12  Queen  
  133  9:15  Drone  
  133  9:16  Drone x6  
  142  9:17  Infestation Pit  
  137  9:25  Mutalisk x2  
  139  9:33  Mutalisk x3  
  143  9:47  Mutalisk x3  
  145  9:55  Mutalisk  
  145  9:56  Overlord  
  141  10:04  Zerg Flyer Weapons Level 1  
  141  10:06  Extractor x2, Drone x5  
  141  10:07  Overlord, Drone, Mutalisk  
  147  10:15  Corruptor  
  149  10:23  Corruptor  
  149  10:24  Corruptor  
  151  10:33  Corruptor  
  151  10:35  Zergling x20  
  157  10:36  Zergling x6  
  166  10:43  Mutalisk x2  
  170  10:51  Hive  
  170  10:52  Overlord  
  170  10:57  Mutalisk x2  
  170  11:04  Overlord x4  
  174  11:07  Spore Crawler  
  174  11:08  Spine Crawler  
  174  11:09  Drone x3  
  174  11:11  Spine Crawler  
  174  11:13  Mutalisk x3  
  174  11:17  Mutalisk  
  182  11:22  Overlord x3  
  182  11:23  Mutalisk  
  185  11:25  Zergling x2  
  185  11:26  Zergling x16  
  185  11:31  Mutalisk x2  
  197  11:35  Mutalisk  
  197  11:37  Zergling x2  
  196  12:05  Mutalisk x2  
  199  12:11  Spine Crawler  
  199  12:12  Spine Crawler x2  
  199  12:13  Spine Crawler  
  199  12:14  Spine Crawler x2  
Show
View Real Time Build Order
Export as new Build Order

Miszu Protoss 

Build Orders: 1 Gate Expand 

Get SALT Encoding   

  12  0:01  Probe (Chrono Boost)  
  13  0:14  Pylon  
  13  0:18  Probe (Chrono Boost)  
  14  0:28  Probe (Chrono Boost)  
  14  0:35  Gateway  
  15  0:39  Probe (Chrono Boost)  
  16  0:49  Probe (Chrono Boost)  
  17  0:51  Assimilator  
  17  1:00  Probe (Chrono Boost)  
  18  1:11  Probe (Chrono Boost)  
  19  1:20  Nexus  
  19  1:29  Cybernetics Core  
  19  1:33  Probe (Chrono Boost)  
  20  1:41  Pylon  
  20  1:47  Assimilator  
  20  1:48  Probe (Chrono Boost)  
  21  1:58  Probe (Chrono Boost)  
  22  2:06  Adept (Chrono Boost), Warp Gate  
  24  2:10  Probe  
  25  2:22  Probe  
  26  2:30  Adept (Chrono Boost)  
  26  2:32  Mothership Core  
  26  2:37  Probe  
  31  2:43  Gateway  
  31  2:45  Gateway  
  31  2:49  Probe  
  32  3:03  Probe  
  32  3:04  Adept (Chrono Boost)  
  35  3:10  Probe  
  36  3:15  Probe  
  36  3:19  Pylon  
  37  3:20  Probe  
  38  3:27  Probe  
  38  3:31  Probe  
  40  3:38  Stargate x2  
  40  3:39  Probe  
  41  3:41  Probe  
  41  3:43  Assimilator x2  
  42  3:51  Probe  
  42  3:52  Probe  
  44  4:02  Probe  
  44  4:03  Probe  
  46  4:10  Adept x3  
  46  4:15  Pylon  
  46  4:16  Probe  
  53  4:22  Pylon  
  53  4:33  Probe  
  53  4:34  Probe  
  55  4:39  Phoenix x2 (Chrono Boost)  
  55  4:45  Probe  
  60  4:46  Probe  
  61  4:57  Probe  
  62  5:03  Nexus  
  62  5:04  Pylon  
  62  5:12  Phoenix (Chrono Boost)  
  62  5:13  Phoenix (Chrono Boost)  
  66  5:25  Probe  
  66  5:27  Probe  
  68  5:34  Phoenix (Chrono Boost)  
  68  5:35  Phoenix (Chrono Boost)  
  72  5:51  Probe x2  
  72  5:53  Fleet Beacon  
  72  5:56  Phoenix x2 (Chrono Boost)  
  78  6:04  Assimilator  
  78  6:08  Assimilator  
  78  6:14  Probe x2  
  78  6:17  Pylon, Phoenix (Chrono Boost)  
  78  6:18  Phoenix (Chrono Boost)  
  84  6:26  Pylon  
  84  6:27  Probe x2  
  86  6:34  Stargate, Probe  
  86  6:38  Phoenix (Chrono Boost)  
  86  6:39  Phoenix (Chrono Boost)  
  91  6:49  Pylon  
  91  6:52  Anion Pulse-Crystals  
  91  6:53  Protoss Air Weapons Level 1 (Chrono Boost)  
  91  6:55  Probe  
  91  6:56  Probe  
  91  6:57  Probe  
  91  6:59  Phoenix  
  94  7:04  Phoenix  
  98  7:09  Probe x2  
  98  7:10  Probe  
  101  7:18  Phoenix  
  101  7:19  Probe  
  101  7:21  Probe  
  101  7:22  Probe  
  106  7:30  Pylon, Probe  
  106  7:33  Probe, Phoenix  
  106  7:34  Forge  
  110  7:46  Phoenix  
  110  7:47  Phoenix  
  110  7:54  Phoenix  
  110  7:57  Probe x2  
  114  8:11  Phoenix  
  114  8:12  Phoenix  
  110  8:26  Stalker x3  
  104  8:50  Phoenix  
  104  8:54  Phoenix x2  
  110  8:55  Probe  
  110  8:57  Probe x2  
  110  8:59  Stalker x3  
  119  9:08  Protoss Ground Weapons Level 1  
  119  9:12  Phoenix  
  121  9:19  Phoenix x2  
  121  9:20  Twilight Council  
  119  9:24  Gateway  
  119  9:27  Gateway  
  119  9:30  Gateway  
  117  9:34  Mothership Core  
  117  9:41  Stalker x3  
  119  10:04  Templar Archives  
  113  10:39  Gateway x2  
  113  10:40  Stalker x3  
  119  10:46  Gateway  
  119  10:47  Gateway x2  
  119  10:49  Gateway  
  119  10:52  Photon Cannon  
  119  10:55  High Templar, Pylon, Photon Cannon x2  
  119  10:56  High Templar x2  
  125  11:01  Archon  
  125  11:06  Pylon  
  125  11:08  Pylon x2  
  125  11:10  Pylon  
  125  11:11  Pylon  
  125  11:12  Pylon  
  125  11:14  Pylon  
  125  11:23  High Templar x3  
  131  11:29  High Templar x3  
  137  11:33  Archon  
  137  11:43  Archon  
  137  11:45  Archon, Stalker x4  
  137  11:46  Stalker x2  
  149  12:00  Pylon  
  148  12:02  Stalker  
  148  12:03  High Templar x2, Pylon  
  148  12:04  Stalker x2  
  152  12:13  High Templar, Archon  
  152  12:14  High Templar, Zealot  
  144  12:18  Pylon  
  144  12:19  Archon, Photon Cannon  
  144  12:21  Pylon  
Tags
 
Add a new tag
Caveats
  • Supply blocks, unpowered buildings, or Contaminate may cause inaccurate times.
  • Supply counts are checked every 10 seconds.